Map: [ESL] Goldenaura

Players

Stephano

  • Race: Zerg Zerg
  • Spawn Location: 12:00

ShoWTimE - Winner!

  • Race: Protoss Protoss
  • League: Master
  • Spawn Location: 5:00

Event: HomeStory Cup XXIV

VOD

Have the link to the VOD?

Description

Time

  • Played on: Dec. 2, 2023, 7:49 a.m.
  • Length: 9:57

All games in this series

Show
View Real Time Build Order
Export as new Build Order

Stephano Zerg 

Build Orders: Hatch First 

Get SALT Encoding   

  12  0:00  Drone  
  13  0:07  Drone  
  14  0:32  Hatchery  
  13  0:36  Drone  
  14  0:44  Overlord  
  14  0:50  Extractor, Drone  
  15  1:03  Drone x2  
  17  1:09  Drone  
  18  1:11  Extractor  
  17  1:19  Spawning Pool  
  17  1:21  Drone  
  17  1:30  Drone  
  18  1:40  Drone  
  19  1:47  Drone  
  19  1:52  Drone  
  21  1:56  Drone  
  22  2:05  Zergling x2  
  22  2:06  Queen x2  
  27  2:10  Overlord  
  27  2:13  Drone  
  28  2:28  Drone x3, Metabolic Boost  
  31  2:35  Drone  
  32  2:43  Hatchery  
  31  2:48  Queen  
  33  2:54  Overlord  
  33  2:56  Zergling x2  
  33  2:58  Drone  
  35  3:00  Drone  
  36  3:12  Zergling x4  
  38  3:14  Drone  
  38  3:16  Drone x2  
  38  3:18  Drone x2  
  43  3:21  Drone  
  44  3:28  Extractor  
  44  3:29  Overlord  
  44  3:30  Extractor, Queen  
  42  3:34  Drone  
  42  3:37  Overlord  
  42  3:40  Spore Crawler  
  44  3:52  Drone x3  
  47  3:55  Drone  
  47  3:56  Drone x7  
  55  4:03  Drone x2  
  55  4:05  Queen  
  55  4:07  Spore Crawler  
  58  4:11  Spore Crawler  
  58  4:16  Drone x4  
  61  4:19  Zergling x2  
  61  4:21  Zergling x4  
  61  4:23  Drone  
  64  4:34  Zergling x4  
  64  4:35  Drone  
  65  4:38  Lair  
  65  4:39  Extractor x2  
  63  4:53  Drone x3  
  63  4:54  Overlord, Hatchery  
  63  4:57  Roach Warren, Evolution Chamber  
  63  4:59  Drone, Overlord  
  64  5:03  Drone  
  64  5:04  Zergling x2  
  64  5:05  Overlord  
  66  5:08  Overlord  
  66  5:12  Overlord  
  63  5:24  Drone x10  
  63  5:25  Zerg Missile Weapons Level 1  
  71  5:31  Zergling x6  
  74  5:37  Queen  
  76  5:46  Extractor  
  76  5:47  Extractor, Drone  
  75  5:51  Drone x3  
  75  5:52  Drone x3, Overlord  
  78  6:04  Overlord  
  78  6:05  Drone x6  
  78  6:09  Drone  
  80  6:15  Glial Reconstitution  
  80  6:16  Overlord  
  80  6:19  Extractor  
  80  6:22  Drone x2  
  80  6:23  Roach x8  
  97  6:28  Overlord  
  97  6:29  Roach  
  97  6:30  Roach x2  
  103  6:44  Roach x8  
  118  6:54  Overlord  
  118  6:55  Roach x6  
  118  6:56  Overseer  
  130  7:02  Roach x4  
  135  7:18  Roach x4  
  143  7:25  Overlord x3  
  143  7:31  Overlord  
  143  7:32  Overlord x2  
  143  7:34  Zerg Missile Weapons Level 2  
  141  7:38  Overlord  
  141  7:46  Roach x9  
  159  8:02  Roach x9  
  152  8:14  Roach x6  
  150  8:23  Roach x10  
  168  8:31  Roach x4  
  174  8:35  Ravager  
  174  8:36  Ravager x5  
  174  8:39  Zergling x10  
  183  8:45  Ravager  
  183  8:46  Ravager  
  183  8:47  Zergling x10  
  189  8:55  Zergling x6  
  183  9:07  Roach x9  
  186  9:10  Roach x3  
  186  9:15  Roach  
  186  9:16  Roach x3  
  161  9:32  Roach x6  
  161  9:33  Roach x2  
  161  9:36  Roach  
  161  9:37  Roach x2  
Show
View Real Time Build Order
Export as new Build Order

ShoWTimE Protoss - Winner!

Build Orders: 1 Gate Expand, Oracle Opening 

Get SALT Encoding   

  12  0:00  Probe  
  13  0:12  Probe  
  14  0:18  Pylon  
  14  0:24  Probe  
  15  0:36  Probe (Chrono Boost)  
  15  0:39  Gateway  
  16  0:46  Probe (Chrono Boost)  
  16  0:49  Assimilator  
  17  0:51  Probe (Chrono Boost)  
  18  1:03  Probe  
  19  1:15  Probe  
  20  1:25  Nexus  
  20  1:36  Cybernetics Core  
  20  1:38  Probe  
  21  1:44  Assimilator  
  21  1:50  Probe  
  21  1:53  Pylon  
  22  2:02  Probe  
  23  2:10  Adept (Chrono Boost)  
  23  2:15  Probe  
  26  2:21  Stargate  
  26  2:27  Probe (Chrono Boost)  
  27  2:30  Adept (Chrono Boost)  
  27  2:35  Warp Gate  
  29  2:38  Probe (Chrono Boost)  
  31  2:45  Probe (Chrono Boost)  
  31  2:47  Probe (Chrono Boost)  
  33  2:51  Probe (Chrono Boost)  
  33  2:52  Adept, Probe (Chrono Boost)  
  36  3:03  Probe  
  36  3:04  Probe  
  38  3:06  Oracle (Chrono Boost)  
  38  3:08  Pylon  
  41  3:15  Probe  
  41  3:16  Probe  
  43  3:27  Probe  
  43  3:28  Gateway, Probe  
  43  3:33  Oracle (Chrono Boost)  
  45  3:39  Probe  
  45  3:40  Probe  
  50  3:49  Pylon  
  50  3:51  Probe  
  50  3:52  Probe  
  52  3:57  Nexus  
  52  4:03  Probe  
  52  4:04  Oracle (Chrono Boost), Probe  
  52  4:08  Assimilator  
  57  4:10  Assimilator  
  57  4:14  Pylon  
  57  4:15  Probe  
  59  4:17  Probe  
  59  4:25  Forge  
  59  4:27  Twilight Council  
  59  4:32  Probe x2  
  59  4:35  Adept  
  59  4:38  Adept  
  65  4:44  Probe x2  
  67  4:46  Pylon  
  67  4:52  Gateway  
  67  4:56  Gateway, Probe  
  68  5:00  Probe  
  69  5:07  Protoss Ground Weapons Level 1 (Chrono Boost)  
  69  5:08  Probe  
  69  5:09  Blink (Chrono Boost)  
  69  5:10  Probe  
  69  5:12  Probe  
  72  5:20  Probe  
  72  5:21  Probe  
  73  5:22  Probe  
  75  5:29  Stalker, Probe  
  75  5:30  Gateway, Probe  
  75  5:31  Gateway  
  75  5:32  Probe  
  80  5:36  Stalker  
  80  5:37  Probe  
  80  5:38  Probe  
  84  5:43  Shield Battery  
  84  5:44  Probe  
  84  5:47  Stalker  
  84  5:48  Probe  
  88  5:50  Probe  
  88  5:51  Pylon  
  88  5:52  Robotics Facility  
  89  6:00  Pylon  
  89  6:10  Stalker x3  
  85  6:14  Forge  
  85  6:17  Stalker, Pylon  
  87  6:27  Stalker x2  
  87  6:30  Nexus  
  87  6:32  Pylon  
  91  6:34  Pylon  
  91  6:41  Gateway  
  91  6:43  Gateway  
  91  6:46  Pylon  
  91  6:50  Photon Cannon, Stalker x3  
  91  6:52  Observer  
  91  6:53  Protoss Ground Armor Level 1 (Chrono Boost)  
  98  6:55  Charge  
  98  6:58  Protoss Ground Weapons Level 2 (Chrono Boost), Probe x3  
  98  7:00  Stalker  
  103  7:17  Stalker x5  
  103  7:21  Warp Prism (Chrono Boost)  
  115  7:26  Probe x2  
  115  7:27  Shield Battery, Probe  
  118  7:34  Photon Cannon  
  118  7:41  Stalker x4  
  118  7:43  Probe x2  
  118  7:44  Probe  
  129  7:48  Gateway  
  129  7:52  Stalker x2  
  129  7:54  Stalker  
  133  8:03  Stalker  
  130  8:07  Stalker x3  
  130  8:12  Probe x2  
  136  8:13  Probe  
  136  8:17  Probe  
  136  8:18  Photon Cannon  
  135  8:26  Probe x3  
  136  8:29  Probe  
  136  8:31  Zealot x6  
  148  8:37  Gateway  
  148  8:38  Probe x2  
  148  8:39  Probe  
  148  8:41  Probe  
  152  8:52  Photon Cannon, Pylon  
  152  9:00  Pylon  
  152  9:03  Pylon  
  152  9:05  Zealot x3  
  152  9:10  Zealot x4  
  152  9:18  Stalker x2  
  152  9:21  Shield Battery  
  156  9:29  Shield Battery  
  152  9:36  Stalker x7  
  150  9:41  Stalker x2  
Tags
 
Add a new tag
Caveats
  • Supply blocks, unpowered buildings, or Contaminate may cause inaccurate times.
  • Supply counts are checked every 10 seconds.